 Dungeon Crawl Stone Soup version 0.30.1-9-gdf580d7c3d (webtiles) character file.

Game seed: 17420375440445991772

48006 Chiseanne the Fighter (level 14, 59/118 HPs)
             Began as a Demonspawn Wanderer on Oct 5, 2023.
             Was an Initiate of Gozag.
             Quit the game on level 3 of the Abyss.
             The game lasted 01:00:45 (17765 turns).

Chiseanne the Fighter (Demonspawn Wanderer)        Turns: 17765, Time: 01:00:45

Health: 59/118     AC: 11    Str: 13    XL:     14   Next: 10%
Magic:  15/15      EV: 25    Int: 13    God:    Gozag
Gold:   1331       SH: 23    Dex: 18    Spells: 15/15 levels left

rFire   + . .        N - +3 long sword (vamp)
rCold   + . .        l - +0 tower shield
rNeg    . . .        z - +1 leather armour {rC+}
rPois   .            h - +1 hat {Stlth+}
rElec   .            k - +2 cloak
rCorr   .            (no gloves)
SInv    .            o - +0 pair of boots
Will    +....        K - amulet of reflection
Stlth   ++           J - +5 ring of evasion
HPRegen 0.39/turn    I - ring of protection from fire
MPRegen 0.14/turn

%: repel missiles, reflection
@: no status effects
A: hooves 2, repulsion field 3, ignite blood 2, spiny 2
a: Renounce Religion, Potion Petition, Call Merchant, Bribe Branch


You were on level 3 of the Abyss.
You worshipped Gozag.
Gozag was most pleased with you.
You visited 2 branches of the dungeon, and saw 16 of its levels.
You visited the Abyss 1 time.

You collected 3160 gold pieces.
You spent 1738 gold pieces at shops.
You paid 91 gold pieces to Gozag.

Inventory:

Hand Weapons
 a - a +2 scimitar of freezing
 c - a +5 long sword
 f - a +1 scimitar of flaming
 s - a +2 whip of electrocution
 G - a +2 scimitar
 N - a +3 vampiric long sword (weapon)
Missiles
 e - a throwing net (quivered)
 t - 39 poisoned darts
 u - 6 javelins
 x - 10 boomerangs
 D - a curare-tipped dart
 F - 4 silver javelins
Armour
 h - a +1 hat of stealth (worn)
 k - a +2 cloak (worn)
 l - a +0 tower shield (worn)
 o - a +0 pair of boots (worn)
 w - a +3 ring mail of poison resistance
 z - a +1 leather armour of cold resistance (worn)
Jewellery
 p - a ring of see invisible
 r - a ring of protection from cold
 I - a ring of protection from fire (right hand)
 J - a +5 ring of evasion (left hand)
 K - an amulet of reflection (around neck)
 L - a ring of flight
Wands
 b - a wand of charming (1)
 v - a wand of flame (39)
Scrolls
 g - a scroll of fear
 n - 6 scrolls of teleportation
 A - 4 scrolls of amnesia
 M - 2 scrolls of immolation
 O - a scroll of poison
 Q - 3 scrolls of magic mapping
 R - a scroll of identify
Potions
 d - 8 potions of flight
 i - 2 potions of cancellation
 j - a potion of might
 m - a potion of lignification
 q - 4 potions of resistance
 B - 3 potions of brilliance
 C - a potion of haste
 E - 3 potions of mutation
 H - a potion of ambrosia


   Skills:
 * Level 13.0 Fighting
 - Level 1.0 Long Blades
 * Level 11.5 Armour
 * Level 11.5 Dodging
 * Level 12.4 Shields
 - Level 1.0 Spellcasting


You had 15 spell levels left.
You didn't know any spells.
Your spell library contained the following spells:

 Spells                   Type           Power      Damage    Failure   Level
 Apportation              Tloc           0%         N/A       88%         1
 Kiss of Death            Conj/Necr      0%         2d5       88%         1
 Magic Dart               Conj           0%         1d3       88%         1
 Necrotise                Necr           0%         1d4       88%         1
 Summon Small Mammal      Summ           0%         N/A       88%         1
 Searing Ray              Conj           0%         2d4       96%         2
 Sublimation of Blood     Necr           0%         N/A       96%         2
 Wereblood                Tmut           0%         N/A       96%         2
 Confusing Touch          Hex            0%         N/A       99%         3
 Portal Projectile        Hex/Tloc       0%         N/A       99%         3
 Tukima's Dance           Hex            0%         N/A       99%         3
 Dispel Undead            Necr           0%         3d6       100%        4
 Fulminant Prism          Conj/Hex       0%         3d5       100%        4
 Petrify                  Tmut/Erth      0%         N/A       100%        4
 Blade Hands              Tmut           0%         N/A       100%        5
 Irradiate                Conj/Tmut      0%         3d11      100%        5
 Summon Hydra             Summ           0%         N/A       100%        7


Dungeon Overview and Level Annotations

Branches:
Dungeon (15/15)            Temple (1/1) D:6            Lair (0/5) D:9
    Orc (0/2) D:10         Vaults (0/5) D:13         Depths (0/4) D:15

Altars:
Ashenzari
Cheibriados
Dithmenos
Gozag
Hepliaklqana
Kikubaaqudgha
Makhleb
Nemelex Xobeh
Okawaru
Qazlal
Ru
Sif Muna
Trog
Uskayaw
Wu Jian
Xom
Yredelemnul

Shops:
D:12 =   D:14 [!?

Annotations:
D:12 exclusion: downstairs, Jorgrun


Innate Abilities, Weirdness & Mutations

You have hoof-like feet.
You are surrounded by a strong repulsion field. (EV +4, RMsl)
Your demonic aura often causes spilled blood to erupt in flames.
You are mostly covered in sharp spines.


Message History

The death knight is struck by your spines.
The death knight misses you.
The death knight attacks as you move away!
The death knight closely misses you. The freezing wraith closely misses you.
The freezing wraith hits you. The freezing wraith drains your vigour!
You feel yourself slow down.
The death knight calls down the wrath of Yredelemnul upon you.
You struggle to resist.
Your surroundings suddenly seem different.
Okay, then.
The wizard shouts!
The wizard mumbles some strange words.
The wizard blinks!
Your +1 scimitar of flaming stops flaming.
Your +2 scimitar of freezing glows with a cold blue light!
a - a +2 scimitar of freezing (weapon)
The wizard gestures wildly while chanting.
The wizard blinks!
Your +2 scimitar of freezing stops glowing.
You feel a sense of dread.
N - a +3 vampiric long sword (weapon)
You block the wizard's attack.
You hit the wizard.
The wizard is lightly wounded.
You feel yourself speed up.
The wizard gestures wildly while chanting.
The wizard flickers and vanishes!
Deactivating autopickup; reactivate with Ctrl-A.
Something hits you but does no damage.
You hit something.
You feel better. You block something's attack.
Something hits you but does no damage.
You completely miss something. Something hits you but does no damage.
You barely miss something.
You hear some strange, mumbled words.
You are cast into the Abyss!
This branch contains the abyssal rune of Zot.
The abyssal matter surrounding you shimmers strangely.
You detect the abyssal rune!
Reactivating autopickup.
Are you sure you want to abandon this character and quit the game? (Confirm with "yes".)

#...... ......
##......##......
................
................
................
................
................
................
#.....@##......
#......# ....
......... ....
.......... ...
........... ..
............ .
.............
..............


There were no monsters in sight!

Vanquished Creatures
  Rupert (D:13)
  Nessos (D:13)
  Josephine (D:12)
  Snorg (D:12)
  An ettin (D:15)
  A rakshasa (D:15)
  A catoblepas (D:13)
  An ogre mage (D:13)
  7 centaur warriors
  4 boulder beetles
  A death knight (D:14)
  2 two-headed ogres
  A tengu warrior (D:15)
  Urug (D:10)
  A hell knight (D:15)
  2 skeletal warriors
  A deep troll (D:15)
  2 orc knights
  A necromancer (D:15)
  2 deep elf pyromancers
  2 cyclopes
  17 ugly things
  7 manticores
  Maurice (D:8)
  A gargoyle (D:12)
  A kobold demonologist (D:13)
  An efreet (D:15)
  2 komodo dragons
  2 freezing wraiths
  6 trolls
  3 meliai (D:14)
  A tarantella (shapeshifter) (D:15)
  Prince Ribbit (D:7)
  15 slime creatures
  A yak (shapeshifter) (D:15)
  A vampire (D:13)
  5 wraiths
  12 yaks
  Grum (D:11)
  A wyvern (D:9)
  16 humans (D:13)
  14 vampire mosquitoes
  2 steam dragons
  2 wargs (D:10)
  Duvessa (D:7)
  A water moccasin (D:7)
  3 orc warriors
  A sky beast (D:7)
  4 ogres
  4 wolves (D:11)
  9 centaurs
  5 kobold brigands
  2 bullfrogs
  A gnoll sergeant (D:11)
  A scorpion (D:6)
  11 wights
  Dowan (D:7)
  2 electric eels (D:11)
  2 howler monkeys
  4 hounds
  A jelly (D:4)
  9 orc priests
  2 gnoll boudas (D:7)
  11 orc wizards
  Natasha (D:4)
  6 adders
  17 gnolls
  A shadow imp (D:5)
  5 worms
  A worm (shapeshifter) (D:12)
  2 dart slugs
  36 orcs
  10 bats
  6 endoplasms
  4 giant cockroaches (D:2)
  6 goblins
  10 hobgoblins
  3 jackals (D:5)
  14 kobolds
  3 quokkas
  4 ball pythons
  3 frilled lizards
  7 rats
362 creatures vanquished.

Vanquished Creatures (others)
  A wyvern (D:7)
  A kobold (D:13)
2 creatures vanquished.

Grand Total: 364 creatures vanquished

Notes
Turn   | Place    | Note
-------+----------+-------------------------------------------
     0 | D:1      | Chiseanne the Demonspawn Wanderer began the quest for the
                  | Orb.
     0 | D:1      | Chiseanne set off with the following items: a +1 falchion,
                  | a +2 buckler, a potion of haste, a +0 robe.
     0 | D:1      | Reached XP level 1. HP: 18/18 MP: 2/2
   229 | D:1      | Gained mutation: You are surrounded by a mild repulsion
                  | field. (EV +2) [demonic ancestry]
   229 | D:1      | Reached XP level 2. HP: 24/24 MP: 3/3
   285 | D:1      | Found a faded altar of an unknown god.
   666 | D:1      | Reached skill level 1 in Dodging
  1153 | D:2      | Gained mutation: Your demonic aura sometimes causes spilled
                  | blood to erupt in flames. [demonic ancestry]
  1153 | D:2      | Reached XP level 3. HP: 20/29 MP: 4/4
  1440 | D:2      | Reached skill level 1 in Armour
  1561 | D:2      | Gained mutation: Your demonic aura often causes spilled
                  | blood to erupt in flames. [demonic ancestry]
  1561 | D:2      | Reached XP level 4. HP: 28/36 MP: 5/5
  1763 | D:2      | Reached skill level 5 in Shields
  2354 | D:3      | You fall into a shaft and drop 3 floors!
  2354 | D:6      | Found a broken altar of Ashenzari.
  2460 | D:5      | Entered Level 5 of the Dungeon
  2472 | D:5      | Found a snail-covered altar of Cheibriados.
  2600 | D:4      | Gained mutation: You are partially covered in sharp spines.
                  | [demonic ancestry]
  2600 | D:4      | Reached XP level 5. HP: 41/42 MP: 6/6
  2785 | D:4      | Noticed an ogre
  2788 | D:4      | Noticed an ogre
  2800 | D:4      | Killed an ogre
  2801 | D:4      | Reached skill level 4 in Fighting
  3320 | D:4      | Gained mutation: You are surrounded by a moderate repulsion
                  | field. (EV +3) [demonic ancestry]
  3320 | D:4      | Reached XP level 6. HP: 38/48 MP: 7/7
  3432 | D:4      | Found a hide-covered altar of Uskayaw.
  3543 | D:4      | Noticed Natasha
  3549 | D:4      | Killed Natasha
  3873 | D:5      | Found a burning altar of Makhleb.
  3895 | D:5      | Noticed an orc warrior
  4197 | D:5      | Gained mutation: You are surrounded by a strong repulsion
                  | field. (EV +4, RMsl) [demonic ancestry]
  4197 | D:5      | Reached XP level 7. HP: 55/55 MP: 8/8
  4646 | D:5      | Noticed an angel
  4810 | D:6      | Reached skill level 5 in Fighting
  4918 | D:6      | Found a staircase to the Ecumenical Temple.
  4930 | Temple   | Entered the Ecumenical Temple
  4935 | Temple   | Became a worshipper of Gozag Ym Sagoz the Greedy
  5190 | D:6      | Found a shadowy altar of Dithmenos.
  5418 | D:7      | Noticed Dowan
  5421 | D:7      | Noticed Duvessa
  5438 | D:7      | Killed Duvessa
  5439 | D:7      | Reached XP level 8. HP: 63/63 MP: 9/9
  5443 | D:7      | Killed Dowan
  5733 | D:7      | Noticed Prince Ribbit
  5741 | D:7      | Reached skill level 6 in Fighting
  5750 | D:7      | Found a shimmering altar of Xom.
  5902 | D:7      | Killed Prince Ribbit
  6132 | D:7      | Reached skill level 5 in Dodging
  6182 | D:7      | Reached skill level 5 in Armour
  6271 | D:7      | Gained mutation: You have large cloven feet. [demonic
                  | ancestry]
  6271 | D:7      | Reached XP level 9. HP: 71/71 MP: 10/10
  6600 | D:8      | Noticed a troll
  6604 | D:8      | Killed a troll
  6605 | D:8      | Reached skill level 7 in Fighting
  6652 | D:8      | Found a sparkling altar of Nemelex Xobeh.
  6663 | D:8      | Noticed a freezing wraith
  6663 | D:8      | Noticed a freezing wraith
  6665 | D:8      | Found the +18 Lear's hauberk
  6666 | D:8      | Noticed a death knight
  6677 | D:8      | Noticed a two-headed ogre
  6686 | D:8      | Killed a two-headed ogre
  6771 | D:8      | Noticed Maurice
  6871 | D:7      | HP: 3/72 [freezing wraith[a death knight] (11)]
  6878 | D:7      | Killed a freezing wraith
  6978 | D:8      | Killed Maurice
  7097 | D:8      | Found a hazy altar of Hepliaklqana.
  7157 | D:8      | Noticed a phantasmal warrior
  7440 | D:9      | Reached XP level 10. HP: 75/79 MP: 11/11
  7492 | D:9      | Found a staircase to the Lair.
  7545 | D:9      | Reached skill level 8 in Fighting
  8298 | D:10     | Entered Level 10 of the Dungeon
  8645 | D:10     | Found a staircase to the Orcish Mines.
  8668 | D:10     | Reached skill level 9 in Fighting
  9005 | D:10     | Noticed a skeletal warrior
  9056 | D:10     | Noticed Urug
  9063 | D:10     | Killed Urug
  9064 | D:10     | Gained mutation: You are mostly covered in sharp spines.
                  | [demonic ancestry]
  9064 | D:10     | Reached XP level 11. HP: 26/89 MP: 12/12
  9334 | D:10     | Noticed a skeletal warrior
  9381 | D:10     | Killed a skeletal warrior
  9399 | D:10     | Noticed a skeletal warrior
  9404 | D:10     | Noticed a skeletal warrior
  9809 | D:11     | Noticed a cyan ugly thing
  9815 | D:11     | Killed a cyan ugly thing
  9910 | D:11     | Noticed Grum
  9918 | D:11     | Killed Grum
 10377 | D:11     | Identified the +2 robe of Fuyss {-Tele rCorr Int+3}
 10648 | D:12     | Noticed a two-headed ogre
 10656 | D:12     | Killed a two-headed ogre
 10657 | D:12     | Reached skill level 10 in Fighting
 10893 | D:12     | Noticed Snorg
 10911 | D:12     | Killed Snorg
 10912 | D:12     | Reached skill level 10 in Shields
 11505 | D:12     | Noticed a centaur warrior
 11509 | D:12     | Killed a centaur warrior
 11737 | D:12     | Reached XP level 12. HP: 71/98 MP: 13/13
 12229 | D:12     | Found a bloodstained altar of Trog.
 12499 | D:12     | Noticed Jorgrun
 12540 | D:12     | Found Jega's Jewellery Shoppe.
 12541 | D:12     | Noticed Josephine
 12550 | D:12     | Killed Josephine
 12806 | D:13     | Noticed Rupert
 12806 | D:13     | Noticed an ogre mage
 12806 | D:13     | Noticed Nessos
 12806 | D:13     | Found a gate to the Vaults.
 12821 | D:12     | Bought a +5 ring of evasion for 396 gold pieces
 12821 | D:12     | Bought an amulet of reflection for 330 gold pieces
 12828 | D:12     | Bought a ring of flight for 192 gold pieces
 13148 | D:13     | Noticed a centaur warrior
 13154 | D:13     | Killed a centaur warrior
 13191 | D:13     | Noticed a catoblepas
 13225 | D:13     | Killed a catoblepas
 13504 | D:13     | Killed Nessos
 13505 | D:13     | Reached skill level 11 in Fighting
 13592 | D:13     | Killed Rupert
 13858 | D:13     | Reached skill level 10 in Dodging
 13865 | D:13     | Killed an ogre mage
 13867 | D:13     | Reached skill level 10 in Armour
 14508 | D:13     | Gained mutation: You have hoof-like feet. [demonic
                  | ancestry]
 14508 | D:13     | Reached XP level 13. HP: 107/107 MP: 14/14
 14714 | D:14     | Found Ygaish's Distillery.
 14839 | D:14     | Bought a potion of berserk rage for 60 gold pieces
 14839 | D:14     | Bought 2 potions of haste for 240 gold pieces
 14839 | D:14     | Bought a potion of might for 48 gold pieces
 14891 | D:14     | Reached skill level 12 in Fighting
 15203 | D:14     | Found Ziarola's Antique Armour Shop.
 15707 | D:14     | Found Ahaerr's Magic Scroll Emporium.
 15712 | D:14     | Bought a scroll of fog for 60 gold pieces
 15712 | D:14     | Bought a scroll of teleportation for 45 gold pieces
 15712 | D:14     | Bought 3 scrolls of magic mapping for 337 gold pieces
 15712 | D:14     | Bought a scroll of identify for 30 gold pieces
 15791 | D:15     | Entered Level 15 of the Dungeon
 15791 | D:15     | Found a basalt altar of Yredelemnul.
 16094 | D:15     | Noticed an ettin
 16105 | D:15     | Killed an ettin
 16875 | D:15     | Found a staircase to the Depths.
 16975 | D:15     | Beaer: heyhey can i ask you a question ?
 17047 | D:14     | Reached XP level 14. HP: 60/116 MP: 15/15
 17301 | D:14     | HP: 1/116 [cyan ugly thing (12)]
 17582 | D:14     | Chiseanne: sure
 17582 | D:14     | Beaer: thx
 17582 | D:14     | Chiseanne: np what is it ?
 17582 | D:14     | Beaer: does gozags Merchant call abilitie has a timing ?
 17582 | D:14     | Chiseanne: you mean a cooldown ? no, it only depends on
                  | money
 17582 | D:14     | Beaer: i know its based on XP. so does it mean its better
                  | to wait a certain amount of XP before calling it again
                  | otherwise we get crap ?
 17582 | D:14     | Chiseanne: no at least not that I know of
 17582 | D:14     | Chiseanne: how do you know it is based on xp ?
 17582 | D:14     | Beaer: okay :)
 17582 | D:14     | Beaer: http://crawl.chaosforge.org/Gozag_Ym_Sagoz
 17582 | D:14     | Beaer: it says: based on XL
 17582 | D:14     | Beaer: ive been playing gozag only a few times so i dont
                  | have the experience of how much this is true or not..
 17582 | D:14     | Chiseanne: I canĀ“t see any line saying that it has to do
                  | something with xp excpt that you get gold from money worth
                  | xp
 17582 | D:14     | Chiseanne: what are you referring to please?
 17582 | D:14     | Chiseanne: the shops you get and the abilities are just
                  | random
 17582 | D:14     | Beaer: Call Merchant: Fund a merchant to set up a new shop.
                  | You choose one out of three different Merchants with
                  | different shop types. The first use of Call Merchant costs
                  | at most 800 gold, increasing by 200 gold per use (though
                  | most shops will be cheaper). The quality of the shop scales
                  | with XL. The chosen shop is placed at your feet. Shops will
                  | never be completely useless to your character. For example,
                  | a Felid will never be offered Armour or Weapon shops.
 17582 | D:14     | Chiseanne: oh see that I did not know..thx for teaching me
                  | :D
 17582 | D:14     | Beaer: haha ;) welcome.
 17582 | D:14     | Chiseanne: but in the end it doesnt really matter
 17582 | D:14     | Beaer: yeah ? why ?
 17582 | D:14     | Chiseanne: you open shops early on because you need the
                  | gear..at least I do that
 17582 | D:14     | Chiseanne: wich means I do not wait until I hit level 27
                  | before I open shops
 17582 | D:14     | Chiseanne: just to get better stuff
 17582 | D:14     | Chiseanne: and in most cases stuff is good enough
 17582 | D:14     | Beaer: ok. and you get things good enough for extended ?
 17582 | D:14     | Beaer: ok
 17582 | D:14     | Chiseanne: :D
 17582 | D:14     | Beaer: :)
 17582 | D:14     | Beaer: ok thanks i think i will make a few mercjhant calls
                  | then ;)
 17582 | D:14     | Chiseanne: sometimes you dont and you cannot expect good
                  | randarts every time
 17582 | D:14     | Beaer: yeah. im playing Octopode ATM so im quite selective
                  | with the gear haha
 17582 | D:14     | Chiseanne: so you might be ending up with just some
                  | plain.sse invis rings or rPois..but hey thats good stuff in
                  | the beginning and since you are making a shitton of money
 17582 | D:14     | Chiseanne: youre good
 17582 | D:14     | Chiseanne: hehe GL!
 17582 | D:14     | Beaer: thanks you ! you too
 17582 | D:14     | Chiseanne: ty!
 17582 | D:14     | Beaer: that DS with burning blood looks promising :)
 17582 | D:14     | Chiseanne: its about survival in the beginning so dont
                  | worry too much
 17582 | D:14     | Beaer: yeah
 17582 | D:14     | Chiseanne: yeah I like it
 17582 | D:14     | Beaer: ;)
 17582 | D:14     | Beaer: gg !
 17595 | D:14     | Chiseanne: I am at work right now so I will be on and off
                  | btw ;-) if you have other questions just ask
 17668 | D:15     | Reached skill level 13 in Fighting
 17763 | Abyss:3  | Cast into level 3 of the Abyss (a wizard)
 17765 | Abyss:3  | Quit the game

Illustrated notes

Levels and vault maps discovered:
D:1:      minmay_arrival_solitary_statue, layout_loops_corners,
          basic_ecumenical_altar, st_stairs_2, minmay_split_cup_large
D:2:      layout_loops_ring
D:3:      layout_basic
D:4:      layout_basic, kennysheep_mini, uniq_natasha
D:5:      layout_gridville, kennysheep_mini_moat, zin_angel,
          cheibrodos_worm_habitat
D:6:      layout_basic, cheibrodos_ashenzari_chains,
          mainiacjoe_overflow_alcove_4, minmay_temple_entry_tees,
          serial_corexii_hall, chequers_hall_statues_wall_a,
          chequers_hall_statues_corner_a
D:7:      layout_basic, xom_teletrap_fun, chequers_serial_rivers_micro_c,
          uniq_prince_ribbit1, uniq_duvessa
D:8:      layout_basic, fedhas_altar_decomposition,
          mainiacjoe_overflow_alcove_1, worldfamousw_hep_ancestral_shrine,
          nemelex_diamond_rough_becter, hangedman_abyss_or_decor_slice,
          uniq_maurice
D:9:      layout_loops_corners, david_lair_shrubbed
D:10:     layout_basic, erik_orc_4, hex_intersection,
          nicolae_kite_square_tiling_tiny, uniq_urug
D:11:     layout_rooms, water_maze_lemuel, uniq_grum
D:12:     layout_basic, serial_shops, nicolae_shop_gaudy_bauble,
          hangedman_feature_mirror, uniq_jorgrun, uniq_josephine, uniq_snorg
D:13:     layout_loops_cross, david_vaults_3
D:14:     layout_gridville, serial_shops, shop, shop, kennysheep_little_box,
          nicolae_figureground_pulse, statue_in_the_mist_lemuel,
          kennysheep_generic_room_10
D:15:     hangedman_depths_entry_civil_slaughter, layout_long_grid,
          yredelemnul_altar_generic, minmay_puff
Temple:   minmay_freezing_vapour_temple
Abyss:3:  base: D:7, base: D:2, evilmike_abyss_rune_siren_acolytes

Skill      XL: |  1  2  3  4  5  6  7  8  9 10 11 12 13 14 |
---------------+-------------------------------------------+-----
Dodging        | 1 2 3 4 5 6 7 9 10 11 | 11.5
Armour         | 1 2 3 4 5 6 7 9 10 11 | 11.5
Shields        | 5 6 7 8 9 10 11 12 | 12.4
Fighting       | 4 5 6 7 9 10 11 12 13 | 13.0
Long Blades    | |  1.0
Spellcasting   | |  1.0

Action                     |  1- 3 |  4- 6 |  7- 9 | 10-12 | 13-15 || total
---------------------------+-------+-------+-------+-------+-------++-------
  Melee: Falchion          |   114 |   151 |   118 |       |       ||   383
         Long sword        |       |       |    44 |       |     4 ||    48
         Scimitar          |       |       |    38 |   436 |   308 ||   782
         Whip              |       |       |       |       |    22 ||    22
  Throw: Javelin           |       |    15 |    19 |    21 |     2 ||    57
         Dart              |       |     5 |       |    13 |    10 ||    28
         Stone             |       |     3 |       |       |       ||     3
         Throwing net      |       |       |       |       |     3 ||     3
  Evoke: Wand              |       |       |     4 |    11 |     6 ||    21
    Use: Scroll            |     3 |    11 |     4 |     6 |     8 ||    32
         Potion            |       |       |     6 |     3 |     8 ||    17
   Stab: Sleeping          |     3 |     4 |     1 |     2 |     2 ||    12
         Distracted        |       |       |       |     3 |       ||     3
 Armour: Ring mail         |    26 |    61 |    40 |       |       ||   127
         Robe              |     6 |       |       |       |       ||     6
         Leather armour    |       |       |    29 |   113 |    52 ||   194
  Dodge: Dodged            |    71 |    65 |    98 |   302 |   273 ||   809
         Repelled          |       |       |       |     1 |     4 ||     5
  Block: Buckler           |    50 |    21 |       |       |       ||    71
         Tower shield      |       |    87 |   254 |   590 |   513 ||  1444
         Reflection        |       |       |       |    10 |     7 ||    17
